Map: Oxide LE

Players

DPGRogue (Rogue) - Winner!

  • Race: Zerg Zerg
  • Spawn Location: 1:00

ByuN

  • Race: Terran Terran
  • Spawn Location: 7:00

Event: StayAtHome Story Cup #3

VOD

Have the link to the VOD?

Description

Time

  • Played on: March 12, 2021, 7:16 a.m.
  • Length: 12:47

All games in this series

Show
View Real Time Build Order
Export as new Build Order

DPGRogue Zerg - Winner!

Build Orders: Hatch First 

Get SALT Encoding   

  12  0:00  Drone  
  13  0:12  Overlord  
  13  0:17  Drone  
  14  0:31  Drone x2  
  16  0:47  Hatchery  
  15  0:50  Drone  
  15  0:54  Drone  
  17  0:57  Drone  
  18  1:07  Extractor  
  17  1:13  Spawning Pool  
  17  1:16  Drone  
  17  1:19  Drone  
  18  1:27  Drone  
  19  1:38  Drone  
  20  1:49  Drone  
  21  1:59  Queen x2  
  21  2:00  Zergling x2  
  21  2:01  Zergling x2  
  27  2:10  Overlord  
  27  2:12  Drone  
  28  2:22  Hatchery  
  27  2:23  Drone  
  27  2:28  Metabolic Boost  
  28  2:33  Drone x2  
  30  2:38  Drone  
  31  2:44  Queen  
  31  2:50  Overlord  
  33  2:54  Drone x2  
  33  2:57  Drone  
  36  3:07  Pneumatized Carapace  
  36  3:09  Drone x3  
  36  3:11  Drone  
  36  3:12  Drone  
  41  3:16  Overlord  
  41  3:22  Queen  
  41  3:25  Drone  
  44  3:33  Queen  
  46  3:35  Drone  
  46  3:36  Drone  
  46  3:37  Drone  
  46  3:40  Drone  
  50  3:45  Overlord  
  50  3:48  Drone  
  51  3:50  Queen  
  51  3:51  Drone x2  
  51  3:54  Overlord  
  55  3:57  Overlord  
  55  4:04  Zergling x2  
  55  4:05  Zergling x4  
  55  4:06  Baneling Nest  
  55  4:09  Zergling x2  
  58  4:10  Overlord  
  58  4:13  Queen  
  60  4:17  Drone  
  60  4:18  Drone x2  
  60  4:21  Zergling x4  
  65  4:24  Drone  
  65  4:25  Drone x2  
  65  4:30  Drone x2  
  70  4:35  Zergling x4  
  73  4:38  Drone x3  
  73  4:43  Spore Crawler  
  74  4:49  Baneling  
  74  4:50  Zergling x6  
  80  4:52  Zergling x2  
  80  4:53  Spore Crawler  
  80  4:59  Zergling x2  
  75  5:01  Baneling x4  
  75  5:05  Zergling x8  
  70  5:10  Drone x2  
  66  5:20  Drone x2  
  66  5:23  Drone  
  66  5:26  Lair  
  66  5:28  Drone  
  66  5:31  Extractor  
  66  5:32  Extractor, Drone x2  
  66  5:33  Hatchery  
  66  5:34  Extractor  
  64  5:36  Hatchery, Queen x2  
  64  5:42  Zergling x10  
  72  5:48  Baneling  
  73  5:50  Zergling x2  
  73  5:54  Zergling x2  
  72  6:02  Evolution Chamber  
  72  6:03  Evolution Chamber  
  70  6:05  Drone  
  70  6:06  Drone x3  
  70  6:12  Zergling x10  
  70  6:18  Drone, Queen x2  
  74  6:22  Baneling x3  
  74  6:23  Zergling x2  
  78  6:29  Drone x3  
  81  6:36  Overlord x2  
  81  6:40  Zerg Ground Armor Level 1, Zerg Melee Weapons Level 1  
  81  6:41  Overlord  
  81  6:44  Drone x5  
  79  6:47  Drone  
  79  6:48  Extractor  
  79  6:50  Drone  
  79  6:52  Drone, Overseer  
  79  6:54  Queen  
  77  6:55  Drone  
  77  6:57  Drone x5  
  85  7:01  Drone  
  85  7:02  Drone x2  
  85  7:06  Drone x4  
  85  7:07  Centrifical Hooks  
  92  7:14  Zergling x2  
  92  7:15  Zergling x6  
  96  7:20  Burrow  
  96  7:23  Drone x3  
  96  7:24  Drone x2  
  96  7:27  Zergling x2  
  102  7:30  Overlord  
  102  7:33  Baneling x4  
  102  7:35  Hatchery, Zergling x14  
  108  7:37  Overseer  
  108  7:38  Baneling x2  
  108  7:39  Baneling x2  
  108  7:43  Baneling  
  108  7:45  Zergling x10  
  108  7:46  Zergling x4  
  108  7:47  Drone  
  116  7:53  Baneling x2, Zergling x6  
  116  7:57  Overlord  
  119  8:00  Zergling x10  
  119  8:04  Baneling  
  119  8:05  Baneling x2  
  124  8:06  Overlord x3  
  124  8:08  Drone x2  
  124  8:09  Overlord  
  125  8:15  Overlord  
  125  8:19  Zergling x12  
  130  8:23  Zergling x4  
  130  8:27  Baneling x5  
  131  8:32  Zergling x2  
  131  8:33  Zergling x4  
  127  8:38  Drone x2  
  127  8:39  Drone x8  
  127  8:40  Zerg Ground Armor Level 2, Zerg Melee Weapons Level 2  
  134  8:43  Hydralisk Den  
  133  8:49  Extractor  
  133  8:51  Baneling x4  
  133  8:53  Zergling x16  
  140  8:57  Zergling x2  
  140  8:58  Zergling x2  
  140  9:00  Overlord  
  140  9:01  Overlord  
  140  9:02  Zergling x2  
  143  9:07  Zergling x12  
  150  9:10  Zergling x8  
  150  9:11  Baneling  
  150  9:12  Baneling  
  150  9:14  Baneling  
  150  9:15  Baneling x5  
  148  9:17  Zergling x6  
  148  9:18  Zergling x4  
  148  9:23  Zergling x2  
  148  9:24  Zergling x2  
  153  9:27  Zergling x6  
  153  9:29  Baneling, Zergling x4  
  153  9:30  Baneling x4, Zergling x2  
  156  9:32  Zergling x4  
  156  9:33  Overlord  
  156  9:38  Drone  
  153  9:42  Drone  
  153  9:43  Drone  
  153  9:45  Hydralisk x9  
  150  9:49  Hydralisk, Spore Crawler  
  150  9:51  Baneling x3  
  150  9:52  Baneling x4  
  165  9:54  Hydralisk  
  165  9:55  Zergling x2  
  165  9:56  Zergling x4  
  165  9:59  Zergling x2  
  171  10:00  Zergling x2  
  171  10:05  Zergling x10  
  171  10:08  Baneling x9  
  171  10:12  Hydralisk  
  171  10:13  Zergling x2  
  171  10:14  Zergling x10  
  168  10:16  Zergling x2  
  168  10:19  Baneling x5  
  168  10:20  Zergling x4  
  168  10:21  Zergling x2  
  171  10:24  Zergling x4  
  171  10:27  Zergling x2  
  162  10:29  Hydralisk x3  
  162  10:31  Zergling x6  
  162  10:33  Zergling x2  
  162  10:34  Zergling x26  
  162  10:35  Zergling x2  
  170  10:39  Grooved Spines, Zergling x2  
  170  10:40  Zergling x4  
  170  10:42  Zergling x2  
  169  10:44  Zergling x2  
  169  10:45  Zergling x2  
  163  10:50  Zergling x6  
  163  10:55  Hatchery  
  159  10:57  Hydralisk  
  159  10:58  Hydralisk x4  
  159  10:59  Zergling x2  
  159  11:00  Zergling x4  
  159  11:01  Overlord  
  159  11:02  Baneling x2  
  159  11:04  Overlord  
  172  11:08  Overlord  
  172  11:09  Overseer, Overlord  
  172  11:12  Extractor, Overlord  
  170  11:21  Overlord  
  170  11:25  Zergling x16  
  170  11:26  Zergling x16  
  170  11:31  Infestation Pit  
  183  11:37  Zergling x6  
  183  11:38  Zergling x20  
  183  11:39  Zergling x2  
  190  11:43  Zergling x2  
  188  11:49  Baneling x16  
  188  11:50  Baneling x4, Zergling x10  
  188  11:51  Zergling x10  
  198  11:59  Baneling  
  198  12:00  Baneling x6  
  198  12:01  Zergling x6  
  184  12:09  Zergling x2  
  184  12:10  Zergling x26  
  184  12:11  Zergling x2  
  184  12:14  Zergling x2  
  181  12:18  Zergling x2  
  181  12:21  Zergling x10  
  181  12:22  Zergling x2  
  169  12:23  Zergling x2  
  169  12:26  Zergling x6  
  169  12:28  Zergling x4  
  169  12:29  Zergling x2  
  165  12:30  Zergling x4  
Show
View Real Time Build Order
Export as new Build Order

ByuN Terran 

Build Orders: Liberator Opening 

Get SALT Encoding   

  12  0:00  SCV  
  13  0:12  SCV  
  14  0:16  Supply Depot  
  14  0:24  SCV  
  15  0:38  SCV  
  15  0:39  Barracks  
  15  0:42  Refinery  
  16  0:50  SCV  
  17  1:02  SCV  
  18  1:14  SCV  
  19  1:25  Marine  
  19  1:26  Orbital Command  
  20  1:37  Command Center  
  20  1:48  Factory  
  20  1:52  SCV  
  21  2:01  Refinery, Barracks Reactor  
  21  2:04  SCV  
  22  2:08  Supply Depot  
  22  2:16  SCV  
  23  2:30  SCV  
  23  2:33  Hellion  
  23  2:34  Starport  
  26  2:37  Marine  
  26  2:38  Marine  
  26  2:42  SCV  
  29  2:50  Orbital Command  
  29  2:54  SCV  
  29  2:55  Hellion  
  29  2:56  Marine  
  33  2:59  Marine  
  34  3:06  SCV  
  34  3:10  Medivac  
  37  3:18  SCV x2, Supply Depot  
  39  3:25  Hellion  
  39  3:26  Hellion  
  39  3:27  Marine  
  43  3:31  SCV x2  
  46  3:39  Supply Depot  
  46  3:46  Liberator  
  46  3:47  SCV  
  46  3:48  SCV  
  51  3:59  SCV  
  51  4:00  SCV, Armory  
  51  4:01  Hellion x2  
  57  4:08  Marine, Supply Depot  
  58  4:12  SCV x2  
  60  4:24  SCV x2  
  60  4:30  Supply Depot  
  66  4:32  Barracks Tech Lab  
  66  4:34  Hellion x2  
  66  4:36  SCV x2  
  68  4:49  SCV x2  
  70  4:53  Supply Depot  
  70  4:56  Hellion  
  72  5:01  SCV x2  
  70  5:07  Hellion  
  70  5:11  Marine, Stimpack  
  70  5:13  SCV  
  69  5:16  SCV  
  69  5:17  Hellion  
  69  5:18  Command Center  
  70  5:26  Liberator  
  64  5:28  Hellion  
  64  5:30  Engineering Bay  
  64  5:31  Engineering Bay  
  64  5:33  Marine  
  64  5:36  SCV x2  
  64  5:38  Hellion  
  64  5:39  Barracks  
  64  5:42  Barracks  
  68  5:47  Refinery  
  68  5:48  Refinery, SCV x2  
  70  5:50  Marine  
  70  5:51  Barracks  
  70  5:52  Barracks  
  70  6:00  SCV, Hellion x2  
  70  6:03  Terran Infantry Armor Level 1, Terran Infantry Weapons Level 1  
  70  6:04  SCV  
  76  6:08  Marine  
  77  6:12  SCV  
  77  6:16  SCV  
  77  6:19  Starport Reactor  
  77  6:24  SCV, Hellion x2  
  82  6:26  Marine  
  82  6:28  SCV  
  84  6:33  Barracks Reactor x2, Orbital Command  
  84  6:36  SCV  
  85  6:40  SCV  
  85  6:43  Barracks Reactor x2  
  85  6:45  Hellion x2  
  81  6:47  Marine  
  81  6:48  SCV  
  81  6:58  SCV, Terran Vehicle And Ship Armor Level 1  
  81  7:00  SCV  
  83  7:04  Orbital Command  
  83  7:05  Marine, Medivac x2  
  83  7:06  Hellion  
  83  7:07  Hellion  
  92  7:10  SCV, Marine x2  
  92  7:11  Marine x2, Combat Shield  
  92  7:12  SCV  
  98  7:20  Marine x3  
  98  7:22  Hellion x4  
  101  7:23  Supply Depot  
  101  7:25  Supply Depot  
  101  7:27  SCV x2, Marine x2  
  101  7:29  SCV  
  106  7:31  Bunker  
  106  7:36  Supply Depot  
  106  7:37  Supply Depot  
  106  7:39  SCV x2, Hellion x4, Supply Depot  
  106  7:40  Marine  
  109  7:45  Marine x8  
  117  7:57  Widow Mine x2  
  121  8:00  Supply Depot  
  121  8:01  SCV x3  
  121  8:03  Supply Depot  
  121  8:04  Supply Depot  
  124  8:09  Marine x3  
  124  8:10  Marine x5  
  124  8:11  Medivac  
  124  8:12  Medivac  
  136  8:18  Widow Mine x2, Factory  
  136  8:19  Refinery, Supply Depot  
  140  8:21  Marine  
  140  8:26  SCV x2  
  143  8:27  Marine x7  
  143  8:28  Marine  
  143  8:29  Factory  
  143  8:36  SCV  
  143  8:38  SCV  
  143  8:39  Marine  
  130  8:41  Medivac  
  130  8:42  Medivac  
  130  8:43  Widow Mine x2  
  130  8:45  Marine x4  
  142  8:52  Marine  
  142  8:53  Marine x3  
  142  8:54  Command Center  
  146  8:57  Marine  
  147  9:03  Marine x2  
  147  9:04  Widow Mine  
  147  9:05  Widow Mine, Terran Infantry Armor Level 2, Terran Infantry Weapons Level 2  
  153  9:16  Marine x2  
  153  9:17  Marine x5  
  155  9:18  Factory Tech Lab  
  158  9:26  Widow Mine x2  
  158  9:29  Marine x2  
  153  9:31  SCV x2  
  153  9:34  Marine  
  153  9:35  SCV  
  153  9:36  Marauder  
  150  9:41  Marine x3  
  150  9:43  SCV x2  
  153  9:47  SCV  
  153  9:51  Command Center  
  154  9:55  SCV  
  154  9:56  SCV  
  154  9:57  Marauder  
  154  9:59  SCV  
  159  10:02  Marine x3  
  159  10:04  Marine  
  158  10:08  SCV x2  
  158  10:11  Widow Mine x2  
  158  10:12  SCV, Marine x2  
  156  10:18  Marauder  
  156  10:19  Widow Mine  
  156  10:20  SCV x2, Marine  
  156  10:21  Marine x4  
  157  10:22  Marine  
  157  10:24  SCV  
  153  10:30  Marine  
  153  10:31  Marine  
  153  10:32  Widow Mine, SCV  
  153  10:34  Widow Mine  
  135  10:38  Marine x3  
  135  10:39  Marine x3  
  135  10:40  Marauder  
  141  10:48  Widow Mine, Marine x2  
  135  10:54  Medivac x2  
  135  10:56  Marine x4  
  135  10:57  Marine x2  
  143  11:06  Marine x2  
  143  11:09  Siege Tank  
  143  11:11  SCV x3  
  147  11:14  Marine x5  
  147  11:15  Factory Tech Lab  
  152  11:24  SCV x3  
  152  11:28  Refinery  
  152  11:36  SCV  
  152  11:37  Marine  
  152  11:38  Marine  
  154  11:40  SCV x2  
  154  11:45  Planetary Fortress, Siege Tank x2  
  160  11:48  SCV  
  161  11:54  Barracks  
  161  11:55  SCV x2, Barracks  
  161  11:56  Refinery x2, Barracks  
  161  12:00  SCV  
  164  12:05  Marine x3  
  164  12:06  Marine x6  
  141  12:18  SCV x2  
  141  12:21  SCV  
  124  12:23  Marine  
  107  12:30  SCV x2  
  107  12:33  SCV  
Tags
 
Add a new tag
Caveats
  • Supply blocks, unpowered buildings, or Contaminate may cause inaccurate times.
  • Supply counts are checked every 10 seconds.